 Dungeon Crawl Stone Soup version 0.24-a0-581-gc0fa6600bf (webtiles) character file.

Game seed: 6689583191699374956

47 GameOver the Conjurer (level 3, -2/28 HPs)
             Began as a Naga Wizard on Aug 25, 2019.
             Slain by Natasha (7 damage)
             ... on level 2 of the Dungeon.
             The game lasted 00:07:15 (1239 turns).

GameOver the Conjurer (Naga Wizard)                 Turns: 1239, Time: 00:07:16

Health: -2/28      AC:  2    Str:  9    XL:     3   Next: 70%
Magic:  1/7        EV: 10    Int: 19    God:
Gold:   103        SH:  0    Dex:  9    Spells: 2/8 levels left

rFire    + . .     SeeInvis +   c - +0 dagger
rCold    + . .     Gourm    .   (no shield)
rNeg     . . .     Faith    .   a - +0 robe
rPois    +         Spirit   .   b - +0 hat
rElec    .         Reflect  .   n - scarf {rC+ rF+}
rCorr    .         Harm     .   (no gloves)
MR       .....                  (no barding)
Stlth    ++........             (no amulet)
HPRegen  0.09/turn              (no ring)
MPRegen  0.10/turn              (no ring)

@: short of breath, very slow
A: large, see invisible, deformed body, poison resistance, slowness 2, slow
metabolism 1, spit poison 1, AC +1
a: Spit Poison


You were on level 2 of the Dungeon.
You were not hungry.

You visited 1 branch of the dungeon, and saw 2 of its levels.

You collected 103 gold pieces.

Inventory:

Hand Weapons
 c - a +0 dagger (weapon)
Armour
 a - a +0 robe (worn)
 b - a +0 hat (worn)
 n - a scarf of resistance (worn)
Jewellery
 i - an uncursed amulet of regeneration {unknown}
Scrolls
 g - a scroll of amnesia {unknown}
 h - 2 scrolls of identify {unknown}
 k - 2 scrolls of teleportation {unknown}
 l - a scroll of fog {unknown}
 p - a scroll of magic mapping {unknown}
 r - a scroll of remove curse {unknown}
 t - a scroll of fear {unknown}
Potions
 e - 2 potions of curing {unknown}
 f - a potion of haste {unknown}
 j - a potion of mutation {unknown}
 m - a potion of might {unknown}
 o - 2 potions of lignification {unknown}
 s - a potion of degeneration {unknown}
Comestibles
 d - 2 rations
 q - 2 chunks of flesh


   Skills:
 - Level 1.5 Dodging
 - Level 3.0 Stealth
 - Level 3.0 Spellcasting
 + Level 3.4 Conjurations
   Level 1.0 Summonings
 - Level 1.0 Translocations


You had 2 spell levels left.
You knew the following spells:

 Your Spells              Type           Power        Failure   Level  Hunger
a - Magic Dart            Conj           ###.         3%          1    None
b - Blink                 Tloc           N/A          16%         2    ##.....
d - Mephitic Cloud        Conj/Pois/Air  #.......     28%         3    ###....

Your spell library contained the following spells:

 Spells                   Type           Power        Failure   Level  Hunger
 Call Imp                 Summ           #.......     16%         2    ##.....
 Slow                     Hex            #.......     22%         2    ##.....
 Conjure Flame            Conj/Fire      #.......     22%         3    ###....


Dungeon Overview and Level Annotations

Branches:
Dungeon (2/15)

Altars:

Annotations:
D:2 Natasha


Innate Abilities, Weirdness & Mutations

You cannot wear boots.
Your serpentine skin is tough. (AC +1)
You have supernaturally acute eyesight. (SInv)
Armour fits poorly on your strangely shaped body.
Your system is resistant to poisons. (rPois)
You cover ground very slowly.
You have a slow metabolism.
You can spit poison.


Message History

The magic dart hits you.
* * * LOW HITPOINT WARNING * * *
Casting: Magic Dart (safe; 3% risk of failure)
Confirm with . or Enter, or press ? or * to list all spells.
Aiming: Magic Dart (safe; 3% risk of failure)
Press: ? - help, Shift-Dir - straight line, f/p - Natasha
Aim: Natasha (almost dead)
The magic dart hits Natasha but does no damage.
Natasha is almost dead.
Natasha claws you.
* * * LOW HITPOINT WARNING * * *
Casting: Magic Dart (safe; 3% risk of failure)
Confirm with . or Enter, or press ? or * to list all spells.
Aiming: Magic Dart (safe; 3% risk of failure)
Press: ? - help, Shift-Dir - straight line, f/p - Natasha
Aim: Natasha (almost dead)
The magic dart hits Natasha but does no damage.
Natasha is almost dead.
Natasha claws you!
You die...

.... ... ... ..# #.# # ####
#######.###.#.# ...#
#....h..........# ...#
#...#####.###.#### ...+
.......@h.........
...#######.......##.##.###
........<####....##..#.#
.#.##########....###.#.#
.#......##.......# #.#.#
.######+##.......###.รท.#########
.####....#.............#........
.........#......................
.####....#..........)..#........


You could see Natasha.

Vanquished Creatures
  2 adders (D:2)
  A dart slug (D:1)
  A leopard gecko (D:2)
  A bat (D:1)
  2 giant cockroaches (D:1)
  5 goblins (D:1)
  4 hobgoblins
  2 frilled lizards
  2 kobolds (D:1)
  5 rats
25 creatures vanquished.

Notes
Turn   | Place    | Note
-------+----------+-------------------------------------------
     0 | D:1      | GameOver the Naga Wizard began the quest for the Orb.
     0 | D:1      | Reached XP level 1. HP: 15/15 MP: 4/4
    70 | D:1      | Reached XP level 2. HP: 22/22 MP: 1/6
   663 | D:1      | Reached XP level 3. HP: 28/28 MP: 7/7
   667 | D:1      | Learned a level 2 spell: Blink
   671 | D:1      | Learned a level 3 spell: Mephitic Cloud
  1226 | D:2      | Noticed Natasha
  1239 | D:2      | Slain by Natasha

Levels and vault maps discovered:
D:1:      onia_arrival_mini_maze, layout_basic, st_stairs_11
D:2:      layout_basic, nicolae_overflow_quartered_altars, uniq_natasha

Skill      XL: |  1  2  3 |
---------------+----------+-----
Conjurations   | 2 3 |  3.4
Dodging        | |  1.5
Stealth        | |  3.0
Spellcasting   | |  3.0
Summonings     | |  1.0
Translocations | |  1.0

Action                   || total
-------------------------++-------
Melee: Unarmed           ||     1
       Club              ||     3
 Cast: Magic Dart        ||    35
 Abil: Spit Poison       ||    30
 Stab: Sleeping          ||     1
  Eat: Chunk             ||     2
Armor: Robe              ||     3
Dodge: Dodged            ||    10

Table legend:
 A = Non-vault XP
 B = Vault XP
 C = Vault XP percentage of total XP
 D = Non-vault monster count
 E = Vault monster count
 F = Vault count percentage of total count
                 A         B        C        D         E       F
            +---------+---------+-------+---------+---------+-------
      Total |      62 |       6 |   8.8 |      21 |       4 |  16.0
            +---------+---------+-------+---------+---------+-------
        D:1 |      28 |       6 |  17.6 |      15 |       4 |  21.1
        D:2 |      34 |       0 |   0.0 |       6 |       0 |   0.0
            +---------+---------+-------+---------+---------+-------
